AoeStats
← Crane

Black Forest

508879293Analyzed
4v4 RM · 6d ago on Sep 24, 2026· 27m 32s· 8 players
Game mode
Random Map
Map size
Large (8 player)
Population
200
Speed
Normal
Resources
Standard
Victory
Conquest
Starting age
Dark Age
Ending age
Imperial Age
RankedLock teamsTeams togetherTeam positionsShared explorationLock speedFull tech treeHidden civsTurbo modeCheats
Victory
Defeat
🇹🇼 Khmer · Taiwan
1119
+13
🇹🇼 Turks · Taiwan
1106
+14
🇨🇳 Franks · China
1099
+14
1090
+14
🇭🇺 Japanese · Hungary
1086
-36
🇨🇳 Wei · China
1075
-14
🇫🇷 Britons · France
1064
-14
🇵🇱 Poles · Poland
1001
-12
Arno l'architecte
1:00 Loom
14:37 Feudal Age
20:01 Castle Age
19:33 Wheelbarrow
19:27 Horse Collar
19:40 Double-Bit Axe
19:59 Stone Mining
20:02 Gold Mining
25:16 Heavy Plow
25:27 Bow Saw
27:56 Fortified Wall
DragonBane
10:22 Feudal Age
14:01 Castle Age
12:04 Double-Bit Axe
12:08 Horse Collar
15:08 Bow Saw
16:06 Wheelbarrow
19:09 Loom
21:39 Hand Cart
21:20 Gold Mining
21:30 Stone Mining
22:58 Town Watch
28:40 Imperial Age
26:35 Scale Mail Armor
27:04 Forging
giancarlo7
12:36 Feudal Age
13:52 Wheelbarrow
13:00 Horse Collar
13:39 Double-Bit Axe
19:27 Castle Age
18:43 Stone Mining
18:47 Gold Mining
23:47 Hand Cart
Crane
ky21431
13:25 Feudal Age
14:43 Gold Mining
14:42 Double-Bit Axe
17:30 Castle Age
21:44 Imperial Age
26:08 Loom
本絞りレモン果汁12%
0:26 Loom
12:52 Feudal Age
17:39 Castle Age
16:32 Double-Bit Axe
18:17 Wheelbarrow
20:38 Stone Mining
23:19 Horse Collar
25:39 Heavy Plow
26:47 Bow Saw
27:07 Gold Mining
28:17 Hand Cart
雨""沉
0:47 Loom
12:06 Feudal Age
12:34 Double-Bit Axe
12:35 Horse Collar
15:00 Castle Age
15:56 Heavy Plow
23:36 Wheelbarrow
23:09 Gold Mining
25:47 Gold Shaft Mining
25:04 Stone Mining
26:47 Hand Cart
29:03 Imperial Age
27:13 Ballistics
27:01 Scale Barding Armor
27:07 Forging
27:37 Stone Shaft Mining
26:57 Town Watch
高希英娜
0:35 Loom
12:56 Feudal Age
16:31 Castle Age
14:36 Double-Bit Axe
17:54 Bow Saw
18:59 Wheelbarrow
21:46 Gold Mining
24:57 Gold Shaft Mining
26:13 Stone Mining
Connection lost

Rejoining the realm…

Still unreachable

The connection could not be restored.

Session expired

The server has moved on; the page needs a fresh start.